Map: Lost and Found LE

Players

Optimus - Winner!

  • Race: Terran Terran
  • Spawn Location: 7:00

Bly

  • Race: Zerg Zerg
  • Spawn Location: 1:00

Event: WCS Valencia 2018

VOD

Have the link to the VOD?

Description

Time

  • Played on: July 12, 2018, 11:55 a.m.
  • Length: 20:30

All games in this series

Show
View Real Time Build Order
Export as new Build Order

Optimus Terran - Winner!

Build Orders: Reaper Expand, Bio Tank, Hellion Banshee 

Get SALT Encoding   

  12  0:00  SCV  
  13  0:12  SCV  
  14  0:17  Supply Depot  
  14  0:24  SCV  
  15  0:39  SCV  
  15  0:40  Barracks  
  16  0:44  Refinery  
  16  0:51  SCV  
  17  1:03  SCV  
  18  1:15  SCV  
  19  1:27  Orbital Command  
  19  1:28  Reaper  
  20  1:42  Command Center  
  20  1:49  Supply Depot  
  20  1:53  SCV  
  21  2:00  Marine  
  22  2:05  Factory  
  22  2:09  SCV  
  22  2:13  Refinery  
  23  2:21  SCV, Barracks Reactor  
  24  2:33  SCV  
  25  2:45  SCV  
  26  2:52  Starport  
  26  2:57  Supply Depot, SCV  
  27  3:04  Barracks Tech Lab  
  27  3:07  Hellion x2  
  31  3:19  SCV  
  32  3:20  Orbital Command  
  32  3:32  Hellion x2  
  32  3:33  SCV  
  37  3:37  Viking  
  37  3:40  Cloaking Field  
  39  3:46  SCV x2  
  41  3:53  Supply Depot  
  41  3:58  SCV  
  41  3:59  Hellion x2  
  46  4:05  SCV  
  46  4:08  Banshee  
  49  4:10  SCV  
  50  4:17  SCV  
  50  4:18  Supply Depot  
  50  4:22  SCV  
  52  4:29  SCV  
  52  4:31  Barracks Tech Lab  
  53  4:35  Command Center  
  53  4:43  Supply Depot, SCV x2  
  55  4:51  Stimpack, Marine  
  56  4:53  Banshee  
  56  4:55  SCV x2  
  60  5:07  SCV x2  
  60  5:12  Factory Reactor  
  60  5:13  Marine  
  63  5:15  Barracks  
  63  5:16  Barracks  
  63  5:19  SCV x2  
  65  5:29  Engineering Bay  
  65  5:30  Engineering Bay  
  65  5:31  SCV x2, Marine  
  62  5:43  SCV x2  
  62  5:47  Orbital Command  
  62  5:48  Starport Reactor  
  64  5:50  Siege Tank  
  64  5:51  Marine  
  64  5:55  SCV  
  64  5:56  Refinery, SCV  
  66  5:57  Refinery  
  66  6:03  Terran Infantry Weapons Level 1, Terran Infantry Armor Level 1  
  64  6:08  SCV, Marine  
  64  6:11  SCV  
  67  6:12  Marine x2  
  67  6:16  Supply Depot  
  69  6:21  SCV  
  69  6:23  Siege Tank, Barracks x2  
  74  6:25  Orbital Command  
  74  6:26  Marine  
  74  6:30  SCV  
  74  6:31  Starport Reactor  
  75  6:33  SCV  
  75  6:34  Marine  
  75  6:35  Marine x3  
  75  6:38  Supply Depot  
  80  6:40  Supply Depot  
  80  6:42  SCV  
  80  6:47  Marine  
  81  6:51  SCV x2  
  81  6:52  Marine  
  85  6:55  Siege Tank  
  85  6:57  Armory  
  85  6:58  SCV  
  89  7:02  Combat Shield  
  89  7:03  SCV x2  
  89  7:04  Marine x3  
  89  7:05  Marine  
  95  7:10  Refinery, SCV  
  95  7:11  Refinery, Barracks Reactor  
  95  7:12  Barracks Reactor  
  95  7:15  SCV x2  
  98  7:16  Supply Depot  
  98  7:17  Supply Depot  
  98  7:21  Medivac x2  
  98  7:22  SCV  
  103  7:24  Supply Depot  
  103  7:27  Missile Turret, SCV x2  
  103  7:29  Marine x3  
  108  7:34  Siege Tank, SCV  
  112  7:39  SCV x2  
  112  7:43  Marine  
  112  7:44  Marine  
  116  7:46  SCV  
  116  7:47  Marine  
  116  7:48  Factory  
  118  7:51  SCV  
  118  7:54  Medivac x2  
  120  8:03  Marine x2  
  120  8:04  Marine x5  
  127  8:06  Supply Depot  
  127  8:07  Supply Depot  
  127  8:13  Terran Infantry Armor Level 2, Terran Infantry Weapons Level 2, Command Center  
  127  8:18  Marine  
  128  8:21  Siege Tank  
  128  8:26  Marine x6  
  128  8:27  Marine x2  
  135  8:32  SCV x2  
  141  8:36  Marine  
  141  8:39  Terran Vehicle And Ship Armor Level 1  
  141  8:41  Factory Tech Lab  
  142  8:44  Marine x8  
  150  8:50  Medivac x2  
  150  8:53  Siege Tank  
  157  8:55  Supply Depot x2  
  157  8:57  Marine  
  157  9:01  Siege Tank  
  157  9:02  Marine x4  
  165  9:04  Marine  
  165  9:08  Marine x2  
  165  9:13  Marine  
  165  9:15  Marine  
  167  9:25  Siege Tank  
  167  9:28  Command Center  
  170  9:33  Siege Tank  
  163  9:40  Marine x9  
  172  9:47  Medivac x2  
  172  9:57  Siege Tank  
  172  9:58  Marine x4  
  179  10:03  Liberator x2  
  179  10:05  Siege Tank, Planetary Fortress  
  182  10:12  Marine x5  
  187  10:16  Marine x4  
  179  10:29  Siege Tank  
  179  10:30  Marine  
  161  10:35  Barracks x2  
  161  10:37  Ghost Academy  
  161  10:38  Siege Tank  
  163  10:44  Orbital Command  
  163  10:46  Terran Infantry Weapons Level 3  
  163  10:49  Marauder, Marine x4  
  169  11:02  Terran Infantry Armor Level 3  
  169  11:03  Barracks Tech Lab  
  169  11:07  Refinery, Marine x4  
  169  11:08  Refinery  
  169  11:09  Barracks Tech Lab, Command Center  
  173  11:12  SCV x4  
  173  11:17  Personal Cloaking  
  177  11:25  Siege Tank  
  180  11:26  Ghost  
  180  11:29  Liberator x2  
  180  11:31  SCV  
  182  11:36  Factory Tech Lab  
  181  11:48  Marauder, Barracks Tech Lab x2  
  181  11:49  Marine x4  
  187  11:57  Ghost  
  187  12:00  Ghost  
  191  12:09  Marauder  
  191  12:10  Command Center  
  193  12:17  Ghost x2  
  193  12:21  Marine x3  
  200  12:25  Barracks  
  200  12:28  Command Center  
  200  12:29  Marauder  
  192  12:31  Ghost x2  
  196  12:41  Marine x4  
  190  12:45  Ghost x2  
  194  12:53  Ghost  
  196  12:59  Ghost x2  
  196  13:05  Orbital Command  
  199  13:18  Liberator x2, Ghost  
  199  13:19  Ghost  
  195  13:22  Ghost  
  191  13:28  Ghost  
  197  13:41  Planetary Fortress  
  199  13:45  Orbital Command x2  
  199  14:04  Liberator  
  199  14:10  Marine x4  
  199  14:11  Fusion Core  
  199  14:12  Marauder x3  
  199  14:13  Starport  
  199  14:14  Starport  
  197  14:20  Liberator  
  195  14:25  Marauder x2  
  192  14:34  Marauder x2  
  192  14:36  Ghost  
  177  14:42  Marine x4  
  180  14:45  Ghost x2  
  174  14:54  Marine  
  174  14:55  Marine  
  174  15:00  Marine x3  
  174  15:03  Refinery x2  
  174  15:04  Command Center, Medivac  
  174  15:06  SCV x3  
  180  15:08  SCV x3  
  180  15:13  SCV x2  
  185  15:14  Marauder  
  185  15:15  Marauder  
  185  15:19  SCV  
  185  15:20  SCV, Medivac  
  185  15:21  SCV x2  
  190  15:22  SCV  
  190  15:25  Starport Tech Lab  
  190  15:28  Liberator  
  187  15:31  Liberator  
  187  15:37  Starport Reactor  
  187  15:38  Ghost x2  
  187  15:41  Unknown x12  
  188  15:44  Advanced Ballistics  
  191  15:57  Marine x3  
  191  15:58  Marine x4  
  198  16:06  Marine  
  199  16:11  Nuke  
  194  16:20  Liberator  
  188  16:33  Liberator  
  188  16:39  Ghost x4  
  191  16:42  Ghost  
  191  16:45  Liberator x2  
  191  16:46  Planetary Fortress  
  190  16:51  Marine x3  
  182  16:54  Refinery  
  182  16:57  Refinery  
  182  17:07  Ghost  
  182  17:08  Ghost x2  
  192  17:09  SCV x3  
  192  17:14  Ghost  
  199  17:21  Unknown x8  
  198  17:23  Nuke  
  198  17:25  Liberator  
  198  17:36  Terran Ship Weapons Level 1  
  182  18:13  Command Center, Ghost x2  
  182  18:15  Unknown  
  182  18:17  Liberator x2  
  182  18:18  Liberator x2  
  184  18:24  Nuke, Orbital Command  
  178  18:33  Ghost x2  
  178  18:34  Ghost  
  174  18:35  Medivac  
  174  18:38  Marine x3  
  193  18:41  Ghost  
  193  18:42  Marauder  
  197  19:03  Marauder x2  
  197  19:06  Liberator x2  
  195  19:13  Marauder x2, Marine x3  
  195  19:14  Marine x2  
  195  19:17  Liberator x2  
  191  19:24  Marauder x2  
  191  19:28  Refinery  
  191  19:29  Refinery  
  191  19:31  Marine x2  
  194  19:49  Command Center x2  
  193  19:54  Ghost x2  
  193  19:55  Ghost  
Show
View Real Time Build Order
Export as new Build Order

Bly Zerg 

Build Orders: Pool First 

Get SALT Encoding   

  12  0:01  Drone  
  13  0:12  Overlord  
  13  0:17  Drone  
  14  0:30  Drone  
  14  0:31  Drone  
  16  0:40  Spawning Pool  
  15  0:45  Drone  
  15  0:49  Drone  
  17  1:08  Hatchery  
  17  1:11  Drone  
  17  1:16  Drone  
  17  1:17  Extractor  
  17  1:27  Zergling x2  
  17  1:29  Zergling x2  
  17  1:32  Queen  
  21  1:39  Overlord  
  21  1:49  Drone  
  22  2:00  Drone  
  23  2:07  Queen  
  25  2:11  Drone  
  26  2:20  Queen  
  26  2:21  Drone x2  
  30  2:23  Metabolic Boost  
  30  2:33  Drone x2  
  32  2:41  Overlord  
  32  2:46  Drone x4  
  35  2:55  Overlord  
  34  3:00  Drone  
  35  3:08  Hatchery  
  35  3:10  Drone x2  
  36  3:16  Drone  
  36  3:19  Zergling x6  
  40  3:25  Zergling x2  
  40  3:26  Queen  
  43  3:28  Zergling x2  
  43  3:29  Zergling x2  
  45  3:36  Zergling x4  
  45  3:40  Overlord  
  47  3:43  Drone  
  47  3:47  Overlord  
  48  3:53  Overlord  
  48  3:57  Drone x3  
  48  3:59  Overlord  
  48  4:02  Overlord  
  49  4:14  Zergling x8  
  50  4:19  Queen  
  50  4:22  Zergling x10  
  54  4:27  Extractor, Roach Warren  
  54  4:28  Extractor  
  51  4:32  Drone x3  
  54  4:41  Zergling x4  
  56  4:50  Overlord  
  56  4:52  Overlord  
  56  4:53  Overlord  
  56  4:57  Drone x3  
  59  5:02  Drone x4  
  66  5:14  Roach x4  
  66  5:15  Lair  
  66  5:19  Spore Crawler x2  
  66  5:20  Spore Crawler  
  64  5:29  Roach x3  
  69  5:38  Drone x6  
  70  5:43  Spore Crawler, Drone x3  
  70  5:49  Drone  
  72  5:50  Drone x3  
  72  5:51  Drone  
  75  6:01  Drone x5  
  80  6:08  Drone x3, Evolution Chamber  
  82  6:14  Glial Reconstitution  
  82  6:17  Extractor  
  81  6:20  Overlord  
  81  6:22  Drone x3  
  84  6:27  Overlord  
  82  6:42  Drone x9  
  89  6:50  Zerg Ground Armor Level 1  
  89  6:51  Infestation Pit  
  84  6:59  Hatchery  
  84  7:00  Drone x3  
  83  7:07  Roach x8  
  97  7:10  Extractor x2  
  95  7:19  Drone x2  
  97  7:23  Roach  
  97  7:25  Drone x3  
  97  7:29  Overlord  
  100  7:32  Hive  
  100  7:33  Roach x6  
  112  7:40  Overseer, Ravager  
  109  7:48  Infestor  
  111  7:55  Drone x10  
  121  8:04  Overlord  
  121  8:05  Overlord x5  
  121  8:07  Extractor  
  121  8:11  Spore Crawler  
  119  8:22  Overlord  
  118  8:29  Zergling x28  
  125  8:39  Overlord  
  123  8:45  Zerg Ground Armor Level 2  
  123  8:47  Extractor, Ultralisk Cavern  
  121  8:48  Evolution Chamber  
  120  8:58  Zergling x22  
  120  9:02  Infestor x2  
  131  9:08  Drone x3  
  138  9:17  Hatchery  
  134  9:24  Roach  
  134  9:27  Overlord  
  134  9:30  Ravager x2  
  133  9:36  Ultralisk  
  133  9:37  Ultralisk x2  
  133  9:38  Chitinous Plating  
  152  9:40  Zergling x4  
  152  9:43  Zergling x2  
  152  9:44  Zergling x4  
  156  9:52  Ravager  
  156  9:53  Ravager x2  
  156  9:59  Ravager  
  153  10:04  Ultralisk  
  158  10:09  Zergling x2  
  158  10:10  Zergling x24  
  148  10:43  Ultralisk x4  
  172  10:50  Hatchery  
  170  10:58  Drone x3  
  170  11:02  Drone x3  
  176  11:10  Overlord  
  176  11:14  Zerg Melee Weapons Level 1  
  176  11:15  Spire  
  169  11:41  Extractor x2, Drone  
  169  11:42  Drone x12  
  180  11:48  Extractor  
  180  11:51  Extractor  
  178  11:55  Overlord x2  
  178  11:56  Zerg Ground Armor Level 3  
  178  11:58  Adrenal Glands  
  178  12:14  Drone  
  178  12:15  Drone x4  
  179  12:16  Drone  
  177  12:34  Greater Spire  
  175  12:41  Viper  
  175  12:42  Viper  
  175  12:43  Corruptor x6  
  192  12:51  Drone x3  
  192  12:56  Spore Crawler  
  193  13:11  Corruptor x3  
  179  13:31  Overseer x5  
  179  13:32  Zerg Melee Weapons Level 2  
  171  13:34  Drone  
  171  13:35  Drone x2  
  171  13:36  Drone x4  
  177  13:47  Zergling x22  
  188  13:51  Brood Lord x4, Baneling Nest  
  188  13:52  Brood Lord  
  188  13:53  Overseer x3  
  197  14:03  Drone x3  
  194  14:25  Infestor x2  
  198  14:37  Ultralisk x3  
  198  14:38  Zergling x18  
  185  14:52  Overlord x3  
  176  14:58  Baneling x12, Centrifical Hooks  
  164  15:05  Brood Lord x2  
  164  15:06  Brood Lord  
  166  15:13  Corruptor x3  
  170  15:24  Corruptor x2  
  170  15:27  Drone x3  
  172  15:31  Zergling x14  
  179  15:41  Pneumatized Carapace  
  179  15:48  Corruptor x4  
  187  15:50  Hatchery  
  184  16:01  Zergling x14  
  186  16:23  Zergling x8  
  186  16:24  Zergling x8  
  185  16:27  Zerg Melee Weapons Level 3  
  173  16:41  Hatchery  
  169  16:53  Hatchery  
  164  16:57  Drone x2  
  164  17:00  Brood Lord x3  
  164  17:01  Brood Lord  
  174  17:12  Drone x3  
  161  17:48  Corruptor x4  
  161  17:50  Infestor x5  
  177  18:18  Zergling x22  
  185  18:20  Zerg Flyer Armor Level 1  
  185  18:23  Drone x2  
  156  18:40  Baneling x2  
  153  18:51  Queen x2  
  153  18:52  Infestor x3  
  153  18:55  Hatchery  
  161  18:58  Overseer  
  161  18:59  Overseer  
  113  19:24  Ultralisk x2  
  113  19:27  Brood Lord  
  118  19:39  Brood Lord  
  118  19:40  Brood Lord x2  
  123  20:01  Brood Lord x3  
Tags
 
Add a new tag
Caveats
  • Supply blocks, unpowered buildings, or Contaminate may cause inaccurate times.
  • Supply counts are checked every 10 seconds.